 Dungeon Crawl Stone Soup version 0.25.1-2-g60ff931df9 (webtiles) character file.

Game seed: 15391283434714265180

891 DogServant the Insei (level 8, -5/48 HPs)
             Began as an Octopode Transmuter on Oct 18, 2020.
             Was an Initiate of Ru.
             Slain by an ice beast (14 damage)
             ... on level 5 of the Dungeon.
             The game lasted 00:10:26 (6200 turns).

DogServant the Insei (Octopode Transmuter)          Turns: 6200, Time: 00:10:27

Health: -5/48      AC:  1    Str: 10    XL:     8   Next: 6%
Magic:  10/11      EV: 15    Int: 15    God:    Ru [......]
Gold:   218        SH:  0    Dex: 14    Spells: 5/11 levels left

rFire    . . .     SeeInvis .     - Unarmed
rCold    . . .     Gourm    .   (no shield)
rNeg     . . .     Faith    .   (helmet restricted)
rPois    +         Spirit   .   e - amulet of magic regeneration
rElec    .         Reflect  .   l - ring of poison resistance
rCorr    .         Harm     .   (no ring)
MR       .....                  (no ring)
Stlth    +++.......             (no ring)
HPRegen  0.16/turn              (no ring)
MPRegen  0.37/turn              (no ring)
                                (no ring)
                                (no ring)

@: appendage (expiring)
A: almost no armour, stealthy swim, amphibious, 8 rings, constrict 8, tentacle
spike 3, camouflage 1, gelatinous body 1
a: End Transformation, Renounce Religion


You were on level 5 of the Dungeon.
You worshipped Ru.
Ru was noncommittal.
You were very hungry.
One of your tentacles had a temporary spike.
You visited 2 branches of the dungeon, and saw 6 of its levels.

You collected 218 gold pieces.

Inventory:

Missiles
 a - 72 arrows
 b - 38 bolts
 q - 14 poisoned darts (quivered)
Jewellery
 e - an amulet of magic regeneration (around mantle)
 l - a ring of poison resistance (left tentacle)
Wands
 f - a wand of random effects (11)
Scrolls
 g - 4 scrolls of remove curse
 k - a scroll of teleportation {unknown}
 o - a scroll of enchant weapon {unknown}
 p - a scroll of enchant armour {unknown}
 r - a scroll of magic mapping {unknown}
 t - a scroll of identify
Potions
 d - 3 potions of invisibility
 h - a potion of stabbing {unknown}
 i - 2 potions of might {unknown}
 j - 2 potions of curing {unknown}
 m - a potion of magic {unknown}
 n - a potion of flight {unknown}
 u - 2 potions of heal wounds {unknown}
 v - a potion of cancellation {unknown}
Comestibles
 c - 6 rations


   Skills:
 - Level 1.0 Fighting
 + Level 4.8 Dodging
 - Level 3.0 Stealth
 + Level 5.9 Unarmed Combat
 - Level 2.0 Spellcasting
 + Level 5.4 Transmutations


You had 5 spell levels left.
You knew the following spells:

 Your Spells              Type           Power        Failure   Level  Hunger
a - Beastly Appendage     Tmut           ###...       2%          1    #......
b - Sticks to Snakes      Tmut           ###.....     3%          2    ###....
c - Spider Form           Tmut/Pois      #.........   22%         3    ###....

Your spell library contained the following spells:

 Spells                   Type           Power        Failure   Level  Hunger
 Animate Skeleton         Necr           N/A          22%         1    #......
 Apportation              Tloc           #.....       22%         1    #......
 Corona                   Hex            #......      22%         1    #......
 Summon Small Mammal      Summ           #...         22%         1    #......
 Blade Hands              Tmut           ###.......   54%         5    ######.
 Ice Form                 Ice/Tmut       #.......     58%         4    #####..


Dungeon Overview and Level Annotations

Branches:
Dungeon (5/15)             Temple (1/1) D:4

Altars:
Cheibriados
Elyvilon
Fedhas
Gozag
Hepliaklqana
Kikubaaqudgha
Makhleb
Okawaru
Qazlal
Ru
Sif Muna
Trog
Uskayaw
Vehumet
Wu Jian
Xom
Yredelemnul
Zin
The Shining One


Innate Abilities, Weirdness & Mutations

You cannot wear most types of armour.
You are very stealthy in the water. (Stealth+)
You are amphibious.
You can wear up to eight rings at the same time.
You can use your tentacles to constrict eight enemies at once.
Your skin changes colour to match your surroundings (Stealth+).
Your rubbery body absorbs attacks. (AC +1, EV +1)
One of your tentacles bears a large vicious spike.


Message History

You kill the sky beast!
You have reached level 8!
Casting: Sticks to Snakes (safe; 3% risk of failure)
Confirm with . or Enter, or press ? or * to list all spells.
You create a snake!
You now have 72 arrows.
You tentacle-slap the ice beast.
Your tentacle spike misses the ice beast.
The ice beast is lightly wounded.
The ice beast hits you. The ice beast freezes you.
* * * LOW HITPOINT WARNING * * *
Your ball python bites the ice beast but does no damage.
Your ball python barely misses the ice beast.
You tentacle-slap the ice beast but do no damage.
Your squeeze misses the ice beast.
The ice beast is lightly wounded.
Your transformation is almost over.
The ice beast hits you.
* * * LOW HITPOINT WARNING * * *
The ice beast freezes you!
You die...

##########
#.....@YS# ######
#.######S###......
#.# #..........
#.# ###.....## #.#
###.###.# #.#
#...# #.# #.#S#
#.# #.#.. #.# #
##..


You could see an ice beast and 2 friendly ball pythons.

Vanquished Creatures
  Grinder (D:3)
  A sky beast (D:5)
  An ogre (D:4)
  A scorpion (D:4)
  2 hounds (D:5)
  2 orc priests (D:5)
  2 orc wizards (D:5)
  A bullfrog skeleton (D:5)
  A worker ant (D:5)
  A worker ant zombie (D:5)
  6 adders
  2 oozes
  An adder zombie (D:5)
  An adder skeleton (D:2)
  3 worms (D:2)
  6 dart slugs
  3 leopard geckos
  7 orcs
  2 giant cockroaches
  10 goblins
  10 hobgoblins
  7 jackals
  10 kobolds
  2 quokkas
  5 ball pythons
  10 bats
  3 frilled lizards
  7 rats
108 creatures vanquished.

Vanquished Creatures (collateral kills)
  An ogre (D:4)
  Ijyb (D:3)
2 creatures vanquished.

Grand Total: 110 creatures vanquished

Notes
Turn   | Place    | Note
-------+----------+-------------------------------------------
     0 | D:1      | DogServant the Octopode Transmuter began the quest for the
                  | Orb.
     0 | D:1      | Reached XP level 1. HP: 13/13 MP: 3/3
   211 | D:1      | Reached XP level 2. HP: 18/18 MP: 5/5
   504 | D:1      | Reached skill level 1 in Stealth
   754 | D:1      | Reached XP level 3. HP: 21/23 MP: 4/6
  1364 | D:2      | Learned a level 2 spell: Sticks to Snakes
  1870 | D:2      | Reached XP level 4. HP: 26/28 MP: 7/7
  3120 | D:3      | Noticed Ijyb
  3139 | D:3      | Killed Ijyb
  3139 | D:3      | Reached XP level 5. HP: 19/33 MP: 8/8
  3320 | D:3      | Noticed Grinder
  3322 | D:3      | Found a stormy altar of Qazlal.
  3334 | D:3      | Killed Grinder
  3334 | D:3      | Reached XP level 6. HP: 36/38 MP: 6/9
  4177 | D:4      | Found a staircase to the Ecumenical Temple.
  4184 | Temple   | Entered the Ecumenical Temple
  4265 | Temple   | Became a worshipper of Ru the Awakened
  4623 | D:4      | Found a shimmering blue altar of Sif Muna.
  4739 | D:4      | Reached skill level 5 in Unarmed Combat
  4880 | D:4      | Reached XP level 7. HP: 17/43 MP: 10/10
  5137 | D:4      | Found a burning altar of Makhleb.
  5337 | D:5      | Entered Level 5 of the Dungeon
  5679 | D:5      | Reached skill level 5 in Transmutations
  6039 | D:5      | Learned a level 3 spell: Spider Form
  6197 | D:5      | Reached XP level 8. HP: 21/48 MP: 11/11
  6200 | D:5      | Slain by an ice beast

Illustrated notes

Levels and vault maps discovered:
D:1:      giann_bridges, layout_loops_ring
D:2:      layout_loops_cross
D:3:      minmay_inner_zag, layout_basic, nicolae_qazlal_general_emergency,
          first_ration, uniq_grinder, uniq_ijyb
D:4:      layout_basic, nicolae_overflow_crystal_walls, kennysheep_mini_moat,
          minmay_temple_entry_ruins
D:5:      layout_loops_ring
Temple:   nicolae_temple_x_marks_the_god

Skill      XL: |  1  2  3  4  5  6  7 |
---------------+----------------------+-----
Stealth        | 1 2 3 |  3.0
Transmutations | 3 4 5 |  5.4
Unarmed Combat | 4 5 |  5.9
Dodging        | 3 4 |  4.8
Fighting       | |  1.0
Spellcasting   | |  2.0

Action                   |  1- 3 |  4- 6 |  7- 9 || total
-------------------------+-------+-------+-------++-------
Melee: Unarmed           |    96 |   105 |    58 ||   259
       Constrict         |    32 |    28 |    13 ||    73
       Kick              |    21 |    22 |    19 ||    62
       Tentacles         |    14 |    22 |    12 ||    48
       Punch             |       |     3 |     5 ||     8
Throw: Dart              |       |     8 |     3 ||    11
 Cast: Beastly Appendage |    18 |    15 |     7 ||    40
       Sticks to Snakes  |     3 |     7 |     3 ||    13
Invok: Reject Sacrifices |       |       |     1 ||     1
  Use: Scroll            |     4 |     2 |       ||     6
 Stab: Sleeping          |     6 |    11 |     4 ||    21
  Eat: Chunk             |     3 |    11 |     3 ||    17
Armor: Skin              |     5 |     3 |     3 ||    11
Dodge: Dodged            |    61 |    48 |    22 ||   131
